 Dungeon Crawl Stone Soup version 0.26-b1-32-g5d43845318 (webtiles) character file.

Game seed: 6894845544901569900

239 grulito the Chopper (level 5, -2/48 HPs)
             Began as a Minotaur Berserker on Jan 9, 2021.
             Was an Initiate of Okawaru.
             Slain by a black bear (5 damage)
             ... created by the rage of Trog
             ... on level 4 of the Dungeon.
             The game lasted 00:14:53 (2754 turns).

grulito the Chopper (Minotaur Berserker)            Turns: 2754, Time: 00:14:55

Health: -2/48      AC:  9    Str: 29    XL:     5   Next: 79%
Magic:  0/4        EV: 11    Int:  4    God:    Okawaru [......]
Gold:   283        SH:  0    Dex:  9    Spells: 4/4 levels left

rFire    + . .     SeeInvis .   k - +2 hand axe (flame)
rCold    . . .     Faith    .   (no shield)
rNeg     . . .     Spirit   +   t - +2 scale mail {rF+}
rPois    .         Reflect  .   (helmet restricted)
rElec    .         Harm     .   (no cloak)
rCorr    .         Rampage  .   z - +0 pair of gloves
Will     +....                  (no boots)
Stlth    ..........             j - amulet of guardian spirit
HPRegen  0.16/turn              q - +6 ring of strength
MPRegen  0.09/turn              v - ring of willpower

@: about to teleport
A: retaliatory headbutt, horns 2
a: Renounce Religion


You were on level 4 of the Dungeon.
You worshipped Okawaru.
Okawaru was noncommittal.
You visited 1 branch of the dungeon, and saw 4 of its levels.

You collected 283 gold pieces.

Inventory:

Hand Weapons
 a - a +0 hand axe
 h - a +0 hunting sling
 k - a +2 hand axe of flaming (weapon)
Missiles
 c - 48 arrows
 e - 28 poisoned darts
 g - 287 stones
Armour
 b - a +0 animal skin
 t - a +2 scale mail of fire resistance (worn)
 w - a +0 buckler
 y - a +2 ring mail of positive energy
 z - a +0 pair of gloves (worn)
Jewellery
 j - an amulet of guardian spirit (around neck)
 q - a +6 ring of strength (left hand)
 v - a ring of willpower (right hand)
 x - an uncursed ring of stealth {unknown}
Scrolls
 d - 2 scrolls of teleportation
 f - a scroll of enchant weapon {unknown}
 i - 4 scrolls of identify {unknown}
 l - a scroll of magic mapping {unknown}
 o - 2 scrolls of remove curse {unknown}
 p - 2 scrolls of fear {unknown}
 A - a scroll of immolation {unknown}
Potions
 m - a potion of lignification {unknown}
 n - 5 potions of might {unknown}
 r - a potion of flight {unknown}
 s - a potion of heal wounds {unknown}
 u - 2 potions of curing {unknown}


   Skills:
 - Level 5.0 Fighting
 + Level 6.5 Axes
 - Level 3.1 Armour
 - Level 2.8 Dodging


You had 4 spell levels left.
You didn't know any spells.
Your spell library was empty.

Dungeon Overview and Level Annotations

Branches:
Dungeon (4/15)             Temple (0/1) D:4

Altars:
Cheibriados
Hepliaklqana
Kikubaaqudgha
Okawaru
Sif Muna


Innate Abilities, Weirdness & Mutations

You reflexively headbutt those who attack you in melee.
You have a pair of horns on your head.


Message History

The black bear claws you but does no damage. x2
The black bear barely misses you.
The black bear claws you but does no damage. x2
The black bear completely misses you. The black bear barely misses you.
The black bear closely misses you. The black bear barely misses you.
The black bear claws you.
* * * LOW HITPOINT WARNING * * *
The black bear closely misses you. The black bear bites you.
* * * LOW HITPOINT WARNING * * *
The black bear claws you but does no damage.
The black bear claws you.
* * * LOW HITPOINT WARNING * * *
The black bear barely misses you. You furiously retaliate!
You headbutt the black bear, but do no damage.
The black bear claws you but does no damage.
The black bear closely misses you. The black bear bites you.
* * * LOW HITPOINT WARNING * * *
The black bear claws you but does no damage. x2
The black bear bites you.
You die...

.........# #[# #.
#####..........###.#
#. ...............##.#
#............#.##.#
#...............#.#
#...........#.#...####
#..$.#####..#.###.....
#...hhh....##...###...
#...@###..#........#.
#..hh#...##..>..##...
#...h..#........#..#.
#...#....###...##.##.
#...#.#....###.#..##.
#####........#.#.....
##.#..........###
#.#......#...#
#......>.....#


You could see 6 black bears.

Vanquished Creatures
  Crazy Yiuf (D:2)
  A bullfrog skeleton (D:4)
  Terence (D:2)
  A worker ant (D:4)
  6 adders
  An ooze (D:4)
  3 worms
  2 dart slugs (D:1)
  2 leopard geckos (D:1)
  3 orcs
  5 giant cockroaches
  5 hobgoblins
  4 jackals (D:2)
  6 kobolds
  2 quokkas
  A ball python (D:1)
  7 bats
  3 frilled lizards
  6 goblins
  6 rats
66 creatures vanquished.

Notes
Turn   | Place    | Note
-------+----------+-------------------------------------------
     0 | D:1      | grulito the Minotaur Berserker began the quest for the Orb.
     0 | D:1      | Reached XP level 1. HP: 19/19 MP: 0/0
   225 | D:1      | Reached XP level 2. HP: 27/27 MP: 1/1
   364 | D:1      | Reached skill level 4 in Axes
   887 | D:1      | Reached XP level 3. HP: 33/33 MP: 2/2
  1066 | D:2      | Reached ** piety under Trog
  1156 | D:2      | Noticed Terence
  1163 | D:2      | Killed Terence
  1253 | D:2      | Reached skill level 5 in Axes
  1253 | D:2      | Reached XP level 4. HP: 22/41 MP: 3/3
  1643 | D:2      | Found a runed translucent door.
  1644 | D:2      | Noticed Crazy Yiuf
  1652 | D:2      | Killed Crazy Yiuf
  1810 | D:3      | Found a snail-covered altar of Cheibriados.
  1864 | D:3      | Reached XP level 5. HP: 47/47 MP: 4/4
  2106 | D:3      | Reached skill level 5 in Fighting
  2113 | D:3      | Found a shimmering blue altar of Sif Muna.
  2116 | D:3      | Found an iron altar of Okawaru.
  2120 | D:3      | Fell from the grace of Trog
  2120 | D:3      | Became a worshipper of Warmaster Okawaru
  2128 | D:3      | Found an ancient bone altar of Kikubaaqudgha.
  2131 | D:3      | Found a hazy altar of Hepliaklqana.
  2607 | D:4      | Reached skill level 6 in Axes
  2696 | D:4      | Found a staircase to the Ecumenical Temple.
  2752 | D:4      | Noticed a black bear
  2752 | D:4      | Noticed a black bear
  2752 | D:4      | Noticed a black bear
  2752 | D:4      | Noticed a black bear
  2752 | D:4      | Noticed a black bear
  2752 | D:4      | Noticed a black bear
  2754 | D:4      | Slain by a black bear

Illustrated notes

Levels and vault maps discovered:
D:1:      dpeg_arrival_rooms_with_view, layout_loops_ring, patterned_corridor
D:2:      layout_rooms, uniq_terence, uniq_crazy_yiuf_cottage
D:3:      layout_loops_ring, overflow_temple_1_default,
          grunt_temple_overflow_cloverleaf
D:4:      minmay_angry_zag, layout_basic, kennysheep_little_box,
          minmay_temple_entry_slanted

Skill      XL: |  1  2  3  4  5 |
---------------+----------------+-----
Fighting       | 4 5 |  5.0
Axes           | 4 5 6 |  6.5
Armour         | 3 |  3.1
Dodging        | |  2.8

Action                   |  1- 3 |  4- 6 || total
-------------------------+-------+-------++-------
Melee: Hand axe          |    56 |    56 ||   112
       Headbutt          |     9 |    12 ||    21
Invok: Berserk           |     1 |     1 ||     2
  Use: Scroll            |       |     3 ||     3
Armor: Animal skin       |     3 |       ||     3
       Scale mail        |     6 |    35 ||    41
Dodge: Dodged            |    29 |    54 ||    83
